AoeStats
← Faith2Adventure

MegaRandom

507889301Analyzed
4v4 RM · 11d ago on Sep 20, 2026· 44m 12s· 8 players
Game mode
Random Map
Map size
Large (8 player)
Population
200
Speed
Normal
Resources
Standard
Victory
Conquest
Starting age
Dark Age
Ending age
Imperial Age
RankedLock teamsTeams togetherTeam positionsShared explorationLock speedFull tech treeHidden civsTurbo modeCheats
Victory
Defeat
🇺🇸 Magyars · United States
1536
+15
🇺🇸 Bengalis · United States
1476
+17
🇺🇸 Japanese · United States
1470
+18
🇺🇸 Romans · United States
1387
+20
🇨🇱 Portuguese · Chile
1539
-19
🇵🇱 Chinese · Poland
1520
-18
🇨🇱 Poles · Chile
1496
-17
🇲🇽 Hindustanis · Mexico
1465
-16
OzoneMX2022
5:02 Loom
12:06 Feudal Age
14:16 Double-Bit Axe
15:22 Town Watch
16:00 Fishing Lines
22:09 Castle Age
23:47 Gillnets
28:31 Bow Saw
37:16 Fletching
El Choro Stifen
11:04 Loom
12:49 Feudal Age
14:18 Double-Bit Axe
18:12 Castle Age
16:45 Horse Collar
19:34 Bow Saw
20:32 Heavy Plow
23:20 Szlachta Privileges
24:15 Scale Barding Armor
26:16 Gold Mining
26:57 Husbandry
27:12 Bloodlines
27:01 Light Cavalry
29:49 Chain Barding Armor
31:59 Wheelbarrow
34:10 Imperial Age
34:44 Forging
34:32 Stone Mining
34:20 Cavalier
35:37 Conscription
39:13 Iron Casting
38:28 Fletching
39:39 Hand Cart
41:22 Blast Furnace
41:39 Pikeman
43:00 Scale Mail Armor
43:11 Squires
AfricanNija
0:54 Loom
13:24 Feudal Age
15:39 Double-Bit Axe
16:51 Double-Bit Axe
19:40 Castle Age
18:27 Gold Mining
18:21 Horse Collar
18:42 Fishing Lines
20:33 Bloodlines
22:33 Forging
24:23 Scale Barding Armor
26:02 Husbandry
26:23 Fletching
28:22 Bow Saw
29:40 Bodkin Arrow
30:55 Heavy Plow
30:16 Pikeman
31:38 Wheelbarrow
30:50 Town Watch
31:41 Medium Warships
36:43 Imperial Age
35:08 Chain Barding Armor
35:24 Iron Casting
35:12 Padded Archer Armor
37:16 Gold Shaft Mining
37:10 Hand Cart
37:43 Bracer
37:44 Demolition Ship
38:16 Cavalier
39:58 Blast Furnace
39:35 Plate Barding Armor
41:00 Chemistry
Patopsx
4:14 Loom
11:40 Feudal Age
12:52 Fishing Lines
16:12 Castle Age
14:26 Double-Bit Axe
15:29 Fletching
15:32 Gold Mining
17:11 Medium Warships
17:03 Bodkin Arrow
19:42 Bow Saw
24:53 Forging
29:38 Horse Collar
33:46 Wheelbarrow
36:11 Imperial Age
33:29 Town Watch
35:10 Heavy Plow
37:14 Ballistics
37:16 Conscription
36:42 Elite Organ Gun
38:40 Arquebus
39:07 Conscription
40:45 Coinage
41:56 Bracer
PrEyOnU1
4:39 Loom
4:42 Loom
11:55 Feudal Age
16:54 Castle Age
15:54 Double-Bit Axe
16:03 Horse Collar
17:12 Fletching
17:22 Man-at-Arms
21:01 Scale Mail Armor
22:00 Long Swordsman
23:38 Chain Mail Armor
25:55 Wheelbarrow
25:16 Town Watch
27:55 Bow Saw
28:04 Forging
28:17 Squires
29:39 Iron Casting
31:06 Heavy Plow
32:30 Gold Mining
35:26 Imperial Age
34:01 Hand Cart
36:10 Legionary
37:10 Stone Mining
38:27 Conscription
39:15 Blast Furnace
40:17 Comitatenses
41:42 Crop Rotation
43:20 Fervor
43:35 Scale Barding Armor
Ice2207
9:17 Loom
11:41 Feudal Age
19:27 Castle Age
17:40 Fletching
17:39 Double-Bit Axe
19:32 Padded Archer Armor
20:53 Medium Warships
21:00 Bodkin Arrow
23:42 Leather Archer Armor
24:40 Bloodlines
26:41 Wheelbarrow
28:36 Husbandry
31:32 Ballistics
34:19 Bow Saw
34:57 Thumb Ring
36:41 Guard Tower
36:52 Horse Collar
39:03 Yasama
39:55 Murder Holes
41:25 Hand Cart
Chiefboy AK
6:58 Loom
7:38 Loom
14:27 Feudal Age
15:15 Double-Bit Axe
15:12 Fishing Lines
17:59 Castle Age
16:57 Bloodlines
17:00 Scale Barding Armor
19:02 Medium Warships
19:04 Bow Saw
19:41 Husbandry
21:03 Horse Collar
23:17 Wheelbarrow
24:22 Town Watch
26:15 Hand Cart
27:12 Heavy Plow
31:27 Imperial Age
31:51 Chain Barding Armor
32:03 Light Cavalry
33:28 Plate Barding Armor
33:04 Forging
33:22 Siege Engineers
34:19 Chemistry
33:42 Ballistics
33:29 Siege Engineers
33:35 Masonry
34:22 Fletching
34:32 Padded Archer Armor
34:19 Treadmill Crane
35:02 Conscription
34:56 Gold Mining
34:57 Stone Mining
36:02 Heavy Warships
35:44 Bodkin Arrow
36:30 Iron Casting
37:52 Elite Battle Elephant
41:31 Paiks
42:34 Blast Furnace
41:36 Bracer
44:41 Gillnets
Faith2Adventure
10:29 Loom
12:28 Feudal Age
13:11 Double-Bit Axe
13:16 Fishing Lines
16:09 Castle Age
17:13 Bow Saw
27:15 Horse Collar
29:23 Wheelbarrow
30:46 Medium Warships
30:40 Gold Mining
31:37 Hand Cart
31:24 Heavy Plow
36:07 Imperial Age
33:55 Fletching
34:34 Scale Barding Armor
34:46 Bodkin Arrow
35:41 Chain Barding Armor
36:05 Gillnets
36:43 Ballistics
36:34 Clinker Construction
36:35 Careening
37:15 Bracer
37:40 Stone Mining
38:25 Gold Shaft Mining
39:03 Chemistry
38:45 Crop Rotation
39:18 Two-Man Saw
39:59 Plate Barding Armor
38:54 Elite Magyar Huszar
41:33 Heavy Warships
40:32 Demolition Ship
41:18 Padded Archer Armor
41:18 Scale Mail Armor
41:40 Conscription
41:22 Corvinian Army
43:11 Leather Archer Armor
43:11 Chain Mail Armor
44:44 Masonry
44:41 Siege Engineers
44:57 Dry Dock
44:57 Shipwright
44:48 Masonry
Connection lost

Rejoining the realm…

Still unreachable

The connection could not be restored.

Session expired

The server has moved on; the page needs a fresh start.